 Dungeon Crawl Stone Soup version 0.31-a0-1603-gbec6b6ccbf (webtiles) character file.

Game seed: 15624627415113940098

1253 pokeman the Thaumaturge (level 8, -2/43 HPs)
             Began as a Deep Elf Hedge Wizard on Jan 7, 2024.
             Was an Initiate of Vehumet.
             Succumbed to a scorpion's poison
             ... on level 5 of the Dungeon.
             The game lasted 00:09:01 (3817 turns).

pokeman the Thaumaturge (Deep Elf Hedge Wizard)     Turns: 3817, Time: 00:09:01

Health: -2/43      AC:  5    Str:  9    XL:     8   Next: 26%
Magic:  10/24      EV: 13    Int: 28    God:    Vehumet [......]
Gold:   200        SH:  0    Dex: 14    Spells: 19/27 levels left

rFire   + + .        y - +1 short sword (venom)
rCold   + . .        (no shield)
rNeg    . . .        B - +2 robe {rF+}
rPois   .            b - +0 helmet
rElec   .            (no cloak)
rCorr   .            (no gloves)
SInv    .            (no boots)
Will    .....        p - amulet of magic regeneration
Stlth   +++          j - +6 ring of intelligence
HPRegen 0.27/turn    r - ring of Fedhas, Mauling {Wiz rF+ rC+ Str+2}
MPRegen 0.59/turn

%: wizardry (x1)
@: lethally poisoned (-2 -> -14), very slightly contaminated, hasted, very quick
A: no striking features
a: Renounce Religion


You were on level 5 of the Dungeon.
You worshipped Vehumet.
Vehumet was noncommittal.
You visited 2 branches of the dungeon, and saw 6 of its levels.

You collected 200 gold pieces.

Inventory:

Hand Weapons
 y - a +1 short sword of venom (weapon)
Armour
 b - a +0 helmet (worn)
 s - a +0 buckler
 B - a +2 robe of fire resistance (worn)
Magical Staves
 o - a staff of conjuration
Jewellery
 j - a +6 ring of intelligence (left hand)
 m - a ring of see invisible
 p - an amulet of magic regeneration (around neck)
 r - the ring of Fedhas, Mauling (right hand) {Wiz rF+ rC+ Str+2}
   (You found it on level 2 of the Dungeon)

   [ring of wizardry]

   Wiz:       It improves your spell success rate.
   Str+2:     It affects your strength (+2).
   rF+:       It protects you from fire.
   rC+:       It protects you from cold.
 A - a ring of resist corrosion
Wands
 c - a wand of charming (7)
 G - a wand of iceblast (10)
Scrolls
 e - a scroll of silence {unknown}
 g - a scroll of fog {unknown}
 h - 8 scrolls of identify {unknown}
 k - 5 scrolls of enchant armour {unknown}
 l - a scroll of teleportation {unknown}
 n - a scroll of enchant weapon {unknown}
 u - 2 scrolls of fear {unknown}
 z - a scroll of amnesia {unknown}
 C - a scroll of torment {unknown}
 E - a scroll of immolation {unknown}
Potions
 a - a potion of mutation {unknown}
 d - 3 potions of magic
 f - 2 potions of haste
 i - 2 potions of heal wounds {unknown}
 q - a potion of might {unknown}
 t - 2 potions of attraction {unknown}
 v - 3 potions of lignification {unknown}
 w - 3 potions of enlightenment {unknown}
 x - a potion of resistance {unknown}
 D - 2 potions of degeneration {unknown}
 F - 2 potions of invisibility {unknown}
 H - a potion of berserk rage {unknown}


   Skills:
 - Level 1.0 Fighting
 - Level 1.0 Armour
 - Level 3.0 Dodging
 - Level 5.0 Stealth
 - Level 1.0 Shields
 * Level 10.3 Spellcasting
 + Level 4.4 Conjurations
 - Level 1.1 Summonings
 - Level 1.1 Translocations
 + Level 0.0 Air Magic
 + Level 0.0 Alchemy
 - Level 3.3 Evocations


You had 19 spell levels left.
You knew the following spells:

 Your Spells              Type           Power      Damage    Failure   Level
a - Magic Dart            Conj           100%       1d8       1%          1
b - Mephitic Cloud        Conj/Alch/Air  22%        N/A       2%          3
c - Call Imp              Summ           40%        N/A       1%          2
d - Blink                 Tloc           40%        N/A       1%          2

Your spell library contained the following spells:

 Spells                   Type           Power      Damage    Failure   Level
 Slow                     Hex            56%        N/A       1%          1
 Summon Small Mammal      Summ           80%        N/A       1%          1
 Cigotuvi's Dreadful Rot  Necr/Alch/Air  28%        N/A       2%          2
 Call Canine Familiar     Summ           20%        N/A       3%          3
 Inner Flame              Hex/Fire       14%        N/A       4%          3
 Tukima's Dance           Hex            14%        N/A       4%          3
 Iskenderun's Mystic Bla  Conj/Tloc      29%        2d7       4%          4
 Dimensional Bullseye     Hex/Tloc       8%         N/A       12%         4
 Summon Blazeheart Golem  Fire/Summ      17%        N/A       12%         4
 Irradiate                Conj/Alch      13%        3d16      17%         5
 Ignition                 Fire           7%         3d4       100%        8


Dungeon Overview and Level Annotations

Branches:
Dungeon (5/15)             Temple (1/1) D:4

Altars:
Ashenzari
Cheibriados
Dithmenos
Elyvilon
Fedhas
Gozag
Hepliaklqana
Kikubaaqudgha
Makhleb
Nemelex Xobeh
Okawaru
Qazlal
Ru
Trog
Uskayaw
Vehumet
Wu Jian
Xom
Yredelemnul
The Shining One

Shops:
D:2 [


Message History

The two-headed ogre hits you with a +0 giant club!
* * * LOW HITPOINT WARNING * * *
The two-headed ogre closely misses you.
The two-headed ogre hits itself with a +0 giant club!! x2
The two-headed ogre is killed!
Vehumet accepts your kill.
The scorpion is engulfed in noxious fumes.
The scorpion appears confused.
The scorpion closely misses you.
The bombardier beetle is engulfed in noxious fumes.
The bombardier beetle appears confused.
Something hits you but does no damage.
Your Stealth skill gained 2 levels and is now at level 5!
Your Spellcasting skill increases to level 10!
Your Conjurations skill increases to level 4!
Your Evocations skill gained 2 levels and is now at level 3!
You have reached level 8!
You feel clever.
Things that are here:
a +0 mace; 3 boomerangs; an orc corpse Unknown command.
Unknown command.
You hit the scorpion.
The scorpion is poisoned.
The scorpion is moderately wounded.
The orc wizard is engulfed in noxious fumes.
The orc wizard appears confused.
The scorpion is engulfed in noxious fumes.
The scorpion misses you. Something hits you.
* * * LOW HITPOINT WARNING * * *
You hit the scorpion.
The scorpion is severely wounded.
The orc wizard is engulfed in noxious fumes.
The orc wizard appears confused.
The scorpion is engulfed in noxious fumes.
The scorpion appears confused.
The scorpion stings you.
* * * LOW HITPOINT WARNING * * *
You are lethally poisoned!
The scorpion poisons you! Something hits you.
* * * LOW HITPOINT WARNING * * *
Unknown command.
It was a potion of haste.
You feel yourself speed up.
You die...

#o.o.##....... .#.
#....#.....[# #...
#).#....#.#.##..#
#).#...#..#.#...#
##.#...#..#.#...#
#°.o...#..#....#
#####Bo......#..#..#
#...☼>s...#.##.....#
#....@......##..##..#
#..#####.#.###..## #.#
....! #.......## .#
..##### #....##.# .#
#.......# # ####
###....#.........
....####....#...#######.
.........#....###
.............##


You could see a scorpion (confused, very poisoned), a bombardier beetle
(confused), an orc wizard (confused) and an orc (confused).

Vanquished Creatures
  A two-headed ogre (D:5)
  Sigmund (D:3)
  2 ogres
  2 jellies
  A bombardier beetle (D:4)
  2 orc priests (D:5)
  Jessica (D:3)
  An iguana (D:4)
  7 adders
  A dart slug (D:4)
  A ribbon worm (D:2)
  5 orcs
  7 ball pythons
  8 endoplasms
  A giant cockroach (D:4)
  7 hobgoblins
  2 jackals (D:4)
  3 quokkas
  5 bats
  2 frilled lizards
  7 goblins
  9 kobolds
  6 rats
82 creatures vanquished.

Notes
Turn   | Place    | Note
-------+----------+-------------------------------------------
     0 | D:1      | pokeman the Deep Elf Hedge Wizard began the quest for the
                  | Orb.
     0 | D:1      | Reached XP level 1. HP: 10/10 MP: 7/7
   470 | D:1      | Reached XP level 2. HP: 16/16 MP: 6/9
  1137 | D:2      | Reached skill level 5 in Spellcasting
  1270 | D:2      | Reached XP level 3. HP: 20/20 MP: 9/11
  1274 | D:2      | Learned a level 3 spell: Mephitic Cloud
  1277 | D:2      | Learned a level 2 spell: Call Imp
  1280 | D:2      | Learned a level 2 spell: Blink
  1416 | D:2      | Reached skill level 1 in Fighting
  1470 | D:2      | Identified the ring of Fedhas, Mauling {Wiz rF+ rC+ Str+2}
  1476 | D:2      | Reached skill level 1 in Armour
  1848 | D:2      | Found Sepos's Armour Emporium.
  2192 | D:3      | Noticed Sigmund
  2209 | D:3      | Killed Sigmund
  2210 | D:3      | Reached skill level 7 in Spellcasting
  2210 | D:3      | Reached XP level 4. HP: 25/25 MP: 11/15
  2210 | D:3      | Reached XP level 5. HP: 29/29 MP: 12/17
  2272 | D:3      | Noticed Jessica
  2276 | D:3      | Killed Jessica
  2535 | D:3      | Noticed an ogre
  2545 | D:3      | Killed an ogre
  2546 | D:3      | Reached skill level 8 in Spellcasting
  2546 | D:3      | Reached XP level 6. HP: 34/34 MP: 13/19
  2808 | D:3      | Reached skill level 1 in Shields
  2971 | D:4      | Found a staircase to the Ecumenical Temple.
  2980 | Temple   | Entered the Ecumenical Temple
  2987 | Temple   | Became a worshipper of Vehumet
  3096 | D:4      | Reached skill level 1 in Evocations
  3096 | D:4      | Reached XP level 7. HP: 9/38 MP: 21/21
  3310 | D:4      | Found a snail-covered altar of Cheibriados.
  3727 | D:5      | Entered Level 5 of the Dungeon
  3781 | D:5      | Reached skill level 9 in Spellcasting
  3784 | D:5      | Noticed a two-headed ogre
  3814 | D:5      | Killed a two-headed ogre
  3815 | D:5      | Reached skill level 5 in Stealth
  3815 | D:5      | Reached skill level 10 in Spellcasting
  3815 | D:5      | Reached XP level 8. HP: 10/43 MP: 8/24
  3816 | D:5      | HP: 1/43 [something (2)]
  3817 | D:5      | Succumbed to a scorpion's poison

Illustrated notes

Levels and vault maps discovered:
D:1:      co_arrival_random_square_maze, layout_basic
D:2:      layout_loops_ring, serial_shops, nicolae_shop_waterfront
D:3:      layout_loops_corners, minmay_goblin_kobold_house, uniq_sigmund,
          uniq_jessica
D:4:      layout_gridville, kennysheep_slug_shrine, temple_doors_e
D:5:      layout_rooms, serial_curves, eino_curves_04, eino_curves_03,
          uniq_blork_the_orc
Temple:   hellmonk_temple_of_storms

Skill      XL: |  1  2  3  4  5  6  7 |
---------------+----------------------+-----
Spellcasting   | 5 7 8 10 | 10.3
Fighting       | 1 |  1.0
Armour         | 1 |  1.0
Conjurations   | 2 3 4 |  4.4
Dodging        | 3 |  3.0
Shields        | 1 |  1.0
Stealth        | 3 5 |  5.0
Evocations     | 1 3 |  3.3
Summonings     | |  1.1
Translocations | |  1.1

Action                     |  1- 3 |  4- 6 |  7- 9 || total
---------------------------+-------+-------+-------++-------
  Melee: Dagger            |     7 |       |       ||     7
         Short sword       |     6 |    20 |    14 ||    40
   Cast: Magic Dart        |    91 |    37 |    35 ||   163
         Mephitic Cloud    |     2 |     4 |     7 ||    13
         Call Imp          |       |       |     2 ||     2
         Blink             |       |       |     1 ||     1
    Use: Potion            |       |       |     1 ||     1
   Stab: Confused          |     3 |     2 |     1 ||     6
         Sleeping          |       |     1 |       ||     1
 Armour: Robe              |     8 |    10 |    13 ||    31
  Dodge: Dodged            |    15 |    16 |     9 ||    40

Table legend: (Time is in decaauts)
 A = Elapsed time spent in this place.
 B = Non-inter-level travel time spent in this place.
 C = Inter-level travel time spent in this place.
 D = Time resting spent in this place.
 E = Time spent auto-exploring this place.
 F = Levels seen in this place.
 G = Mean time per level.
                   A        B        C        D        E       F      G
               +--------+--------+--------+--------+--------+-----+--------+
         Total |   3815 |   3719 |     96 |     71 |   3147 |   6 |  635.8 |
       Dungeon |   3801 |   3711 |     90 |     71 |   3147 |   5 |  760.2 |
        Temple |     14 |      8 |      6 |      0 |      0 |   1 |   14.0 |
               +--------+--------+--------+--------+--------+-----+--------+

Top non-repeatable levels by time:
     D:2: 1009 daAuts
     D:3: 984 daAuts
     D:1: 929 daAuts
     D:4: 788 daAuts
     D:5: 89 daAuts
  Temple: 14 daAuts
